 Dungeon Sprint DCSS version 0.30.1-6-gbe392663c4 (webtiles) character file.

Game seed: 4644122475148912126

10084 Heoruswealwe the Phalangite (level 11, 0/117 HPs)
             Began as a Minotaur Fighter on Sept 21, 2023.
             Was a High Priest of the Shining One.
             Killed from afar by a catoblepas (4 damage)
             ... with a blast of calcifying dust
             ... in the Dungeon (Sprint IX: "|||||||||||||||||||||||||||||").
             The game lasted 00:09:38 (1195 turns).

Heoruswealwe the Phalangite (Minotaur Fighter)      Turns: 1195, Time: 00:09:38

Health: 0/117      AC: 27    Str: 25    XL:     11   Next: 31%
Magic:  10/10      EV:  9    Int:  5    God:    the Shining One [*****.]
Gold:   13         SH:  0    Dex: 10    Spells: 10/10 levels left

rFire   . . .        b - +2 halberd (protect)
rCold   . . .        (shield currently unavailable)
rNeg    + + .        c - +1 chain mail
rPois   .            (helmet restricted)
rElec   .            (no cloak)
rCorr   .            f - +0 pair of gloves
SInv    .            e - +0 pair of boots
Will    .....        (no amulet) Stlth
                     k - +2 ring of protection
HPRegen 0.39/turn    (no ring)
MPRegen 0.12/turn

%: no teleportation
@: under a protective aura, glowing
A: horns 2, retaliatory headbutt
a: Renounce Religion, Divine Shield, Cleansing Flame, Summon Divine Warrior


You were in the Dungeon.
You worshipped the Shining One.
The Shining One was extremely pleased with you.
You visited 1 branch You collected 13 gold pieces.

Inventory:

Hand Weapons
 a - a +0 trident
 b - a +2 halberd of protection (weapon)
Armour
 c - a +1 chain mail (worn)
 d - a +1 buckler of cold resistance
 e - a +0 pair of boots (worn)
 f - a +0 pair of gloves (worn)
Jewellery
 k - a +2 ring of protection (left hand)
Wands
 h - a wand of acid (10)
Scrolls
 j - a scroll of blinking
 p - a scroll of identify
 q - 2 scrolls of enchant armour
Potions
 g - a potion of haste
 m - 6 potions of curing
 o - a potion of mutation


   Skills:
 + Level 17.1 Fighting
 * Level 22.9 Polearms
 + Level 17.1 Armour
 - Level 3.6 Shields


You had 10 spell levels left.
You didn't know any spells.
Your spell library was empty.

Dungeon Overview and Level Annotations

Branches:
Dungeon (1/1)

Altars:
Cheibriados
Dithmenos
Elyvilon
Fedhas
Gozag
Hepliaklqana
Kikubaaqudgha
Makhleb
Nemelex Xobeh
Okawaru
Qazlal
Ru
Sif Muna
Trog
Uskayaw
Vehumet
Wu Jian
Xom
Yredelemnul
Zin
The Shining One
Jiyva
Lugonu


Innate Abilities, Weirdness & Mutations

You have a pair of horns on your head.
You reflexively headbutt those who attack you in melee.


Message History

The yak gores you but does no damage.
The catoblepas breathes a plume of calcifying dust at you.
The blast of calcifying dust hits the yak.
The yak dies!
The blast of calcifying dust hits you but does no damage.
You have turned to stone.
You are engulfed in calcifying dust. x2
The catoblepas gores you!
* * * LOW HITPOINT WARNING * * *
You are engulfed in calcifying dust.
The catoblepas gores you but does no damage.
The catoblepas gores you!!
* * * LOW HITPOINT WARNING * * *
The catoblepas breathes a plume of calcifying dust at you.
The blast of calcifying dust hits you but does no damage.
You are engulfed in calcifying dust.
The catoblepas gores you but does no damage.
You are engulfed in calcifying dust.
The catoblepas breathes a plume of calcifying dust at you.
The blast of calcifying dust hits you but does no damage.
You are engulfed in calcifying dust.
The catoblepas gores you but does no damage.
You are engulfed in calcifying dust.
The catoblepas gores you.
* * * LOW HITPOINT WARNING * * *
You turn to flesh and can move again.
You hit the catoblepas.
Your weapon exudes an aura of protection.
You headbutt the catoblepas, but do no damage.
The catoblepas is lightly wounded.
You are engulfed in calcifying dust.
The catoblepas gores you but does no damage.
You hit the catoblepas but do no damage.
The catoblepas is lightly wounded.
You are engulfed in calcifying dust.
You slice the catoblepas!!
The catoblepas is moderately wounded.
You are engulfed in calcifying dust.
The catoblepas breathes a plume of calcifying dust at you.
The blast of calcifying dust hits you.
You die...

▓▓▓▓▓▓▓▓▓▓▓▓▓▓▓▓▓▓▓▓▓▓▓
+)§$$.@YYYYY†'§§§§.....
▓▓▓▓▓▓▓▓▓▓▓▓▓▓▓▓▓▓▓▓▓▓▓▓▓▓▓▓▓▓▓▓▓
.................................
▓▓▓▓▓▓▓▓▓▓▓▓▓▓▓▓▓▓▓▓▓▓▓▓▓▓▓▓▓▓▓▓▓
....[))......)=....[)?!'_________
▓▓▓▓▓▓▓▓▓▓▓▓▓▓▓▓▓▓▓▓▓▓▓▓▓▓▓▓▓▓▓▓▓


You could see 2 death yaks, 2 catoblepae and a yak.

Vanquished Creatures
  A hydra (D)
  A catoblepas (D)
  A death yak (D)
  2 centaur warriors (D)
  2 tengu warriors (D)
  2 two-headed ogres (D)
  A skyshark (D)
  An ugly thing (D)
  2 black mambas (D)
  2 cane toads (D)
  2 komodo dragons (D)
  A troll (D)
  A hornet (D)
  2 blink frogs (D)
  A slime creature (D)
  2 wyverns (D)
  A yak (D)
  A basilisk (D)
  2 water moccasins (D)
  3 bullfrogs (D)
  A scorpion (D)
  A gnoll sergeant (D)
  A wight (D)
  A jelly (D)
  An adder (D)
  An orc (D)
  An endoplasm (D)
  A hobgoblin (D)
  A bat (D)
  A frilled lizard (D)
  A rat (D)
42 creatures vanquished.

Vanquished Creatures (others)
  A yak (D)
1 creature vanquished.

Grand Total: 43 creatures vanquished

Notes
Turn   | Place    | Note
-------+----------+-------------------------------------------
     0 | D        | Heoruswealwe the Minotaur Fighter began the quest for the
                  | Orb.
     0 | D        | Reached XP level 1. HP: 19/19 MP: 0/0
    11 | D        | Reached skill level 3 in Polearms
    23 | D        | Noticed a gnoll sergeant
    23 | D        | Noticed a jelly
    23 | D        | Noticed a scorpion
    27 | D        | Reached skill level 4 in Polearms
    27 | D        | Killed a scorpion
    28 | D        | Reached skill level 5 in Fighting
    28 | D        | Reached skill level 6 in Polearms
    28 | D        | Reached skill level 5 in Armour
    28 | D        | Reached XP level 2. HP: 28/30 MP: 1/1
    28 | D        | Reached XP level 3. HP: 35/37 MP: 2/2
    31 | D        | Reached skill level 7 in Polearms
    31 | D        | Reached XP level 4. HP: 40/45 MP: 3/3
    38 | D        | Killed a gnoll sergeant
    39 | D        | Reached skill level 9 in Polearms
    39 | D        | Reached XP level 5. HP: 25/52 MP: 4/4
   135 | D        | Found a snail-covered altar of Cheibriados.
   135 | D        | Found a shadowy altar of Dithmenos.
   135 | D        | Found a white marble altar of Elyvilon.
   135 | D        | Found a blossoming altar of Fedhas.
   135 | D        | Found an opulent altar of Gozag.
   136 | D        | Found a hazy altar of Hepliaklqana.
   137 | D        | Found a viscous altar of Jiyva.
   138 | D        | Found an ancient bone altar of Kikubaaqudgha.
   139 | D        | Found a corrupted altar of Lugonu.
   140 | D        | Found a burning altar of Makhleb.
   141 | D        | Found a sparkling altar of Nemelex Xobeh.
   142 | D        | Found an iron altar of Okawaru.
   143 | D        | Found a stormy altar of Qazlal.
   144 | D        | Found a sacrificial altar of Ru.
   145 | D        | Found a shimmering blue altar of Sif Muna.
   146 | D        | Found a bloodstained altar of Trog.
   147 | D        | Found a hide-covered altar of Uskayaw.
   148 | D        | Found a radiant altar of Vehumet.
   149 | D        | Found an ornate altar of the Wu Jian Council.
   150 | D        | Found a shimmering altar of Xom.
   151 | D        | Found a basalt altar of Yredelemnul.
   152 | D        | Found a glowing silver altar of Zin.
   153 | D        | Found a glowing golden altar of the Shining One.
   161 | D        | Became a worshipper of the Shining One
   213 | D        | Noticed a hornet
   213 | D        | Noticed a troll
   213 | D        | Noticed a two-headed ogre
   213 | D        | Noticed a wyvern
   213 | D        | Reached * piety under the Shining One
   213 | D        | Noticed a two-headed ogre
   219 | D        | Killed a two-headed ogre
   220 | D        | Reached skill level 10 in Fighting
   220 | D        | Reached skill level 13 in Polearms
   220 | D        | Reached skill level 10 in Armour
   220 | D        | Reached XP level 6. HP: 26/67 MP: 5/5
   220 | D        | Reached XP level 7. HP: 29/73 MP: 6/6
   221 | D        | Reached ** piety under the Shining One
   222 | D        | Reached skill level 14 in Polearms
   224 | D        | Killed a wyvern
   227 | D        | Killed a two-headed ogre
   228 | D        | Reached skill level 16 in Polearms
   228 | D        | Reached XP level 8. HP: 25/83 MP: 7/7
   237 | D        | Killed a troll
   241 | D        | Killed a hornet
   426 | D        | Noticed a tengu warrior
   426 | D        | Noticed a white ugly thing
   426 | D        | Noticed a slime creature
   426 | D        | Noticed a centaur warrior
   426 | D        | Noticed a centaur warrior
   426 | D        | Reached *** piety under the Shining One
   426 | D        | Noticed a tengu warrior
   440 | D        | Killed a tengu warrior
   441 | D        | Reached skill level 17 in Polearms
   441 | D        | Reached XP level 9. HP: 69/93 MP: 8/8
   444 | D        | Killed a centaur warrior
   445 | D        | Reached skill level 18 in Polearms
   450 | D        | Killed a centaur warrior
   451 | D        | Reached skill level 19 in Polearms
   460 | D        | Killed a white ugly thing
   461 | D        | Reached XP level 10. HP: 39/104 MP: 9/9
   472 | D        | Killed a tengu warrior
   473 | D        | Reached skill level 20 in Polearms
   773 | D        | Reached **** piety under the Shining One
   778 | D        | Reached skill level 15 in Fighting
   778 | D        | Reached skill level 15 in Armour
   807 | D        | Reached skill level 21 in Polearms
   898 | D        | Noticed a five-headed hydra
   898 | D        | Noticed a black mamba
   898 | D        | Noticed a black mamba
   898 | D        | Reached ***** piety under the Shining One
   898 | D        | Noticed a cane toad
   901 | D        | Killed a cane toad
   901 | D        | Noticed a cane toad
   911 | D        | Noticed a skyshark
   921 | D        | Killed a 12-headed hydra
   924 | D        | Killed a black mamba
   926 | D        | Killed a black mamba
   927 | D        | Reached XP level 11. HP: 47/115 MP: 10/10
   932 | D        | Reached skill level 22 in Polearms
   936 | D        | Killed a skyshark
  1146 | D        | Noticed a death yak
  1146 | D        | Noticed a death yak
  1146 | D        | Noticed a catoblepas
  1146 | D        | Noticed a catoblepas
  1146 | D        | Noticed a death yak
  1147 | D        | Noticed a catoblepas
  1153 | D        | Killed a death yak
  1167 | D        | Killed a catoblepas
  1187 | D        | HP: 3/117 [catoblepas (10)]
  1192 | D        | HP: 3/117 [catoblepas (2)]
  1195 | D        | Killed from afar by a catoblepas

Illustrated notes

Levels and vault maps discovered:
D:        linesprint [early_d, line_temple, items_1, d_10, items_2, lair_1,
          lair_end, items_3, orc_1, orc_end, items_4, d_15, swamp_1, shoals_1,
          snake_1, spider_1, d_20, vaults_1, items_5, swamp_end, shoals_end,
          snake_end, spider_end, vaults_end, d_27, items_6, zot_1, zot_end,
          crypt_end, forest_end, elf_end, slime_end, tomb_end, abyss_end,
          pan_hell_end]

Skill      XL: |  1  2  3  4  5  6  7  8  9 10 11 |
---------------+----------------------------------+-----
Polearms       | 6 7 9 13 16 17 19 21 22 | 22.9
Fighting       | 5 6 7 10 12 13 14 16 17 | 17.1
Armour         | 5 6 7 10 12 13 14 16 17 | 17.1
Shields        | |  3.6

Action                     |  1- 3 |  4- 6 |  7- 9 | 10-12 || total
---------------------------+-------+-------+-------+-------++-------
  Melee: Trident           |    19 |    13 |       |       ||    32
         Headbutt          |     7 |     7 |     9 |    39 ||    62
         Halberd           |       |     6 |    52 |    98 ||   156
    Use: Potion            |       |       |     2 |     6 ||     8
         Scroll            |       |       |       |     1 ||     1
 Armour: Scale mail        |     5 |     4 |       |       ||     9
         Chain mail        |       |     1 |    47 |   101 ||   149
  Dodge: Dodged            |     6 |     5 |    17 |    29 ||    57
  Block: Buckler           |     5 |     3 |       |       ||     8
